 Dungeon Crawl Stone Soup version 0.27-a0-262-gc50aac273e (webtiles) character file.

Game seed: 3206793340209787114

200 ChiseanneNo2 the Fighter (level 5, 0/51 HPs)
             Began as a Gnoll Wanderer on Feb 4, 2021.
             Slain by a centaur zombie (3 damage)
             ... on level 5 of the Dungeon.
             The game lasted 00:04:54 (945 turns).

ChiseanneNo2 the Fighter (Gnoll Wanderer)            Turns: 945, Time: 00:04:55

Health: 0/51       AC:  5    Str: 14      XL:     5   Next: 78%
Magic:  7/7        EV: 10    Int:  9      God:
Gold:   40         SH:  0    Dex:  7 (12) Spells: 7/7 levels left

rFire    . . .     SeeInvis .   s - +0 rapier
rCold    . . .     Faith    .   (no shield)
rNeg     . . .     Spirit   .   f - +0 ring mail
rPois    .         Reflect  .   (no helmet)
rElec    .         Harm     .   (no cloak)
rCorr    .         Rampage  .   (no gloves)
Will     .....                  (no boots)
Stlth    ++........             (no amulet)
HPRegen  0.17/turn              (no ring)
MPRegen  0.10/turn              (no ring)

@: no status effects
A: distributed training, fangs 1, strong nose
a: no special abilities


You were on level 5 of the Dungeon.
You visited 1 branch of the dungeon, and saw 5 of its levels.

You collected 40 gold pieces.

Inventory:

Hand Weapons
 a - a +2 dagger
 c - a +0 falchion
 s - a +0 rapier (weapon)
Missiles
 e - 19 arrows
 g - 4 poisoned darts (quivered)
Armour
 f - a +0 ring mail (worn)
 h - a cursed +0 leather armour
Scrolls
 b - a scroll of immolation {unknown}
 i - a scroll of fog {unknown}


   Skills:
 + Level 8.7 Fighting
 + Level 1.6 Short Blades
 + Level 3.0 Long Blades
 + Level 3.0 Axes
 + Level 1.6 Maces & Flails
 + Level 1.6 Polearms
 + Level 1.6 Staves
 + Level 1.6 Slings
 + Level 1.6 Bows
 + Level 1.6 Crossbows
 + Level 1.6 Throwing
 + Level 3.0 Armour
 + Level 1.6 Dodging
 + Level 6.2 Stealth
 + Level 1.6 Shields
 + Level 1.6 Unarmed Combat
 + Level 1.6 Spellcasting
 + Level 1.3 Conjurations
 + Level 1.3 Hexes
 + Level 1.3 Summonings
 + Level 1.3 Necromancy
 + Level 1.3 Translocations
 + Level 1.3 Transmutations
 + Level 1.3 Fire Magic
 + Level 1.3 Ice Magic
 + Level 1.3 Air Magic
 + Level 1.3 Earth Magic
 + Level 1.3 Poison Magic
 + Level 1.8 Invocations
 + Level 1.6 Evocations


You had 7 spell levels left.
You didn't know any spells.
Your spell library was empty.

Dungeon Overview and Level Annotations

Branches:
Dungeon (5/15)
 Temple: D:4-7

Altars:

Annotations:
D:4 Natasha


Innate Abilities, Weirdness & Mutations

Your experience applies equally to all skills.
You have very sharp teeth.
Your uncanny sense of smell can sniff out nearby items.


Message History

The centaur zombie is heavily damaged.
The centaur zombie hits you.
* * * LOW HITPOINT WARNING * * *
You feel better. The centaur zombie closely misses you.
You hit the centaur zombie but do no damage.
The centaur zombie is heavily damaged.
The centaur zombie barely misses you. The centaur zombie hits you.
* * * LOW HITPOINT WARNING * * *
You hit the centaur zombie but do no damage.
The centaur zombie is heavily damaged.
The centaur zombie hits you but does no damage.
You barely miss the centaur zombie.
The centaur zombie is heavily damaged.
The centaur zombie hits you.
* * * LOW HITPOINT WARNING * * *
The centaur zombie hits you but does no damage.
You hit the centaur zombie.
The centaur zombie is severely damaged.
The centaur zombie hits you.
You die...

#.# #...# #.#
#...# .......
#.# #...#
.......
#.###### #...#
.......
#......# #†..#
.......
######.# #...#
5...... #####
#.# #...#
....... ....#
#.#
#...###.......
....# #.#
#...@Z........
....# #.#
###.###.##.###
....# #.# #.#
... ....# #.#
#.# ###.#
....###.# #.#
# .<...)#.#
#.. ....#.#.#
### #####.#.#
#####.#.#


You could see a centaur zombie.

Vanquished Creatures
  A necrophage (D:4)
  A quasit (D:5)
  A bullfrog zombie (D:5)
  A hound (D:5)
  2 dart slugs
  2 leopard geckos
  3 giant cockroaches
  2 hobgoblins
  2 quokkas
  2 bats
  A frilled lizard (D:1)
  2 kobolds
  A rat (D:1)
21 creatures vanquished.

Notes
Turn   | Place    | Note
-------+----------+-------------------------------------------
     0 | D:1      | ChiseanneNo2 the Gnoll Wanderer began the quest for the
                  | Orb.
     0 | D:1      | ChiseanneNo2 set off with the following items: a +2 dagger,
                  | a potion of haste, a +0 falchion, a potion of curing, a +0
                  | robe
     0 | D:1      | Reached XP level 1. HP: 26/26 MP: 1/1
   140 | D:1      | Reached XP level 2. HP: 20/33 MP: 2/2
   298 | D:2      | You fall into a shaft and drop 1 floor!
   359 | D:4      | Noticed a necrophage
   395 | D:4      | Killed a necrophage
   396 | D:4      | Reached skill level 1 in Short Blades
   396 | D:4      | Reached skill level 1 in Maces & Flails
   396 | D:4      | Reached skill level 1 in Polearms
   396 | D:4      | Reached skill level 1 in Staves
   396 | D:4      | Reached skill level 1 in Slings
   396 | D:4      | Reached skill level 1 in Bows
   396 | D:4      | Reached skill level 1 in Crossbows
   396 | D:4      | Reached skill level 1 in Throwing
   396 | D:4      | Reached skill level 1 in Dodging
   396 | D:4      | Reached skill level 1 in Shields
   396 | D:4      | Reached skill level 1 in Unarmed Combat
   396 | D:4      | Reached skill level 1 in Spellcasting
   396 | D:4      | Reached skill level 1 in Conjurations
   396 | D:4      | Reached skill level 1 in Hexes
   396 | D:4      | Reached skill level 1 in Summonings
   396 | D:4      | Reached skill level 1 in Necromancy
   396 | D:4      | Reached skill level 1 in Translocations
   396 | D:4      | Reached skill level 1 in Transmutations
   396 | D:4      | Reached skill level 1 in Fire Magic
   396 | D:4      | Reached skill level 1 in Ice Magic
   396 | D:4      | Reached skill level 1 in Air Magic
   396 | D:4      | Reached skill level 1 in Earth Magic
   396 | D:4      | Reached skill level 1 in Poison Magic
   396 | D:4      | Reached skill level 1 in Invocations
   396 | D:4      | Reached skill level 1 in Evocations
   396 | D:4      | Reached XP level 3. HP: 16/38 MP: 2/4
   396 | D:4      | Reached XP level 4. HP: 18/45 MP: 2/5
   676 | D:4      | Noticed Natasha
   685 | D:5      | Entered Level 5 of the Dungeon
   691 | D:5      | Reached XP level 5. HP: 30/51 MP: 5/7
   945 | D:5      | Slain by a centaur zombie

Illustrated notes

Levels and vault maps discovered:
D:1:      saegor_arrival_simple_b, layout_rooms
D:2:      layout_rooms, nicolae_overflow_crystal_walls,
          eat_drink_and_be_merry_uskayaw, uniq_sigmund
D:3:      minmay_wonky_spiral, layout_basic, lemuel_coloured_pillars_altar,
          kennysheep_slug_shrine, cheibrodos_sewer_entry_drain,
          nicolae_xom_altar_mimics, uniq_robin
D:4:      layout_basic, kennysheep_mini, uniq_natasha
D:5:      layout_basic, minmay_hollow_rounded_squares

Skill      XL: |  1  2  3  4  5 |
---------------+----------------+-----
Short Blades   | 1 |  1.6
Maces & Flails | 1 |  1.6
Polearms       | 1 |  1.6
Staves         | 1 |  1.6
Slings         | 1 |  1.6
Bows           | 1 |  1.6
Crossbows      | 1 |  1.6
Throwing       | 1 |  1.6
Dodging        | 1 |  1.6
Stealth        | 6 |  6.2
Shields        | 1 |  1.6
Unarmed Combat | 1 |  1.6
Spellcasting   | 1 |  1.6
Conjurations   | 1 |  1.3
Hexes          | 1 |  1.3
Summonings     | 1 |  1.3
Necromancy     | 1 |  1.3
Translocations | 1 |  1.3
Transmutations | 1 |  1.3
Fire Magic     | 1 |  1.3
Ice Magic      | 1 |  1.3
Air Magic      | 1 |  1.3
Earth Magic    | 1 |  1.3
Poison Magic   | 1 |  1.3
Invocations    | 1 |  1.8
Evocations     | 1 |  1.6
Long Blades    | 3 |  3.0
Axes           | 3 |  3.0
Armour         | 3 |  3.0
Fighting       | |  8.7

Action                   |  1- 3 |  4- 6 || total
-------------------------+-------+-------++-------
Melee: Dagger            |    54 |     4 ||    58
       Bite              |     5 |     4 ||     9
       Spear             |    20 |     3 ||    23
       Rapier            |       |    39 ||    39
       Punch             |       |     2 ||     2
  Use: Potion            |     3 |     1 ||     4
 Stab: Sleeping          |     1 |     2 ||     3
Armor: Robe              |     2 |       ||     2
       Ring mail         |    15 |    43 ||    58
Dodge: Dodged            |    24 |    57 ||    81

Table legend: (Time is in decaauts)
 A = Elapsed time spent in this place.
 B = Non-inter-level travel time spent in this place.
 C = Inter-level travel time spent in this place.
 D = Time resting spent in this place.
 E = Time spent auto-exploring this place.
 F = Levels seen in this place.
 G = Mean time per level.
                   A        B        C        D        E       F      G
               +--------+--------+--------+--------+--------+-----+--------+
         Total |    925 |    925 |      0 |    349 |      0 |   5 |  185.0 |
       Dungeon |    925 |    925 |      0 |    349 |      0 |   5 |  185.0 |
               +--------+--------+--------+--------+--------+-----+--------+

Top non-repeatable levels by time:
     D:4: 313 daAuts
     D:5: 260 daAuts
     D:1: 234 daAuts
     D:2: 62 daAuts
     D:3: 54 daAuts
